 Dungeon Crawl Stone Soup version 0.31.0-9-g3a7656b989 (webtiles) character file.

Game seed: 2948390318467785609

960 qw the Skirmisher (level 7, 0/40 HPs)
             Began as a Deep Elf Hunter on Feb 2, 2024.
             Slain by a gnoll sergeant
             ... wielding a +0 spear
              (4 damage)
             ... on level 6 of the Dungeon.
             The game lasted 00:00:13 (3116 turns).

qw the Skirmisher (Deep Elf Hunter)                 Turns: 3116, Time: 00:00:13

Health: 0/40       AC: 12    Str: 10    XL:     7   Next: 92%
Magic:  9/9        EV:  8    Int: 14    God:
Gold:   276        SH:  0    Dex: 18    Spells: 6/6 levels left

rFire   x . .        a - +1 shortbow (heavy)
rCold   + + .        (shield currently unavailable)
rNeg    + . .        j - +0 ice dragon scales
rPois   .            e - +0 helmet {SInv}
rElec   .            l - +0 cloak
rCorr   .            (no gloves)
SInv    +            (no boots)
Will    .....        n - amulet of regeneration Stlth
                     f - ring of positive energy
HPRegen 1.06/turn    (no ring)
MPRegen 0.11/turn

%: no passive effects
@: no status effects
A: no striking features
a: no special abilities


You were on level 6 of the Dungeon.
You visited 1 branch of the dungeon, and saw 6 of its levels.

You collected 276 gold pieces.


   Skills:
 + Level 2.4 Fighting
 - Level 12.0 Ranged Weapons
 - Level 2.0 Armour
 - Level 2.4 Dodging
 - Level 1.2 Stealth


You had 6 spell levels left.
You didn't know any spells.
Your spell library was empty.

Inventory:

Hand Weapons
 a - a +1 heavy shortbow (weapon)
Armour
 e - a +0 helmet of see invisible (worn)
 g - a +0 ring mail
 j - +0 ice dragon scales (worn)
 l - a +0 cloak (worn)
Jewellery
 f - a ring of positive energy (left hand)
 n - an amulet of regeneration (around neck)
Potions
 b - a potion of might
 d - a potion of curing
 h - a potion of heal wounds
 m - 2 potions of enlightenment {unknown}

Dungeon Overview and Level Annotations

Branches:
Dungeon (5/15)
 Temple: D:4-7

Altars:
Ashenzari


Message History

A gnoll sergeant comes into view. It is wielding a +0 spear.
Found a ring of positive energy.
The gnoll sergeant shouts!
You hear a shout!
You shoot an arrow.
The arrow barely misses the gnoll sergeant.
You shoot an arrow. The arrow hits the gnoll sergeant.
The gnoll sergeant is lightly wounded.
The gnoll sergeant hits you from afar with a +0 spear.
You shoot an arrow.
The arrow barely misses the gnoll sergeant.
The gnoll sergeant hits you but does no damage.
You shoot an arrow. The arrow barely misses the orc.
An ogre comes into view. It is wielding a +0 giant club.
The orc hits you but does no damage.
The gnoll sergeant hits you from afar with a +0 spear. x2
The orc closely misses you.
You shoot an arrow.
The arrow hits the orc but does no damage.
The gnoll sergeant hits you but does no damage.
The orc barely misses you.
You shoot an arrow. The arrow hits the orc!
You kill the orc!
The gnoll sergeant barely misses you.
The gnoll sergeant hits you from afar with a +0 spear!
You shoot an arrow. The arrow hits the gnoll sergeant.
The gnoll sergeant is lightly wounded.
The gnoll sergeant barely misses you.
You shoot an arrow. The arrow hits the ogre!
The ogre is moderately wounded.
The ogre barely misses you. The gnoll sergeant barely misses you.
The gnoll sergeant hits you from afar with a +0 spear!
You shoot an arrow. The arrow hits the ogre!
The ogre is heavily wounded.
The ogre hits you with a +0 giant club.
The gnoll sergeant hits you from afar with a +0 spear!
You shoot an arrow. The arrow barely misses the ogre.
The ogre hits you with a +0 giant club!
The gnoll sergeant hits you but does no damage.
The gnoll sergeant hits you from afar with a +0 spear.
You die...

## # .# .. .# ..###.=
.#. ## #.... #.#.# . .#
#..#. #.#. .#..# #..
.###.gO###..$.. # #.#
#...# #@..# #.#.###.#.#
#.#.#
#.#..##...###%..##...
#....................
######.#####...........#
.......# #############
######.# #.# ### #.#


You could see an ogre and a gnoll sergeant.

Vanquished Creatures
  Grinder (D:4)
  A shadow (D:5)
  An orc warrior (D:5)
  A scorpion (D:5)
  A howler monkey (D:5)
  2 orc priests (D:5)
  2 hounds
  3 jellies
  2 sleepcaps (D:5)
  2 iguanas
  3 adders
  A white imp (D:6)
  3 dart slugs
  3 ribbon worms
  4 orcs
  13 endoplasms
  A giant cockroach (D:1)
  8 goblins
  A hobgoblin (D:4)
  4 quokkas
  10 ball pythons
  4 bats
  5 frilled lizards
  10 kobolds
  5 rats
91 creatures vanquished.

Notes
Turn   | Place    | Note
-------+----------+-------------------------------------------
     0 | D:1      | qw the Deep Elf Hunter began the quest for the Orb.
     0 | D:1      | Reached XP level 1. HP: 12/12 MP: 3/3
     0 | D:1      | 0 ||| qw: Version: 0.3-a-155-g5e7d8dd
     0 | D:1      | 0 ||| qw: Game counter: 1493
     0 | D:1      | 0 ||| qw: Melee chars always use a shield: true
     0 | D:1      | 0 ||| qw: God list: Okawaru
     0 | D:1      | 0 ||| qw: Allow faded altars: false
     0 | D:1      | 0 ||| qw: Do Orc after clearing Dungeon:15 true
     0 | D:1      | 0 ||| qw: Do second Lair branch before Depths: true
     0 | D:1      | 0 ||| qw: Lair rune preference: random
     0 | D:1      | 0 ||| qw: Goals: Normal
     0 | D:1      | 0 ||| PLANNING D:1-11
   137 | D:1      | Reached XP level 2. HP: 16/16 MP: 4/4
   144 | D:1      | Reached skill level 6 in Ranged Weapons
   708 | D:1      | 708 ||| UPGRADING to +0 helmet of see invisible.
   713 | D:1      | 713 ||| UPGRADING to +0 ring mail.
   723 | D:1      | 723 ||| DROPPING +0 leather armour.
   724 | D:1      | 724 ||| READING scroll labelled JERYOWUOMU.
   725 | D:1      | 725 ||| READING scroll labelled CAETOUFOUH.
   754 | D:1      | 754 ||| READING scroll labelled MIKKEL LI CARU.
   754 | D:1      | 754 ||| ENCHANTING +0 shortbow.
   755 | D:1      | 755 ||| DROPPING scroll of butterflies.
   868 | D:2      | Reached XP level 3. HP: 19/20 MP: 5/5
  1038 | D:2      | Reached skill level 7 in Ranged Weapons
  1060 | D:2      | Reached XP level 4. HP: 18/25 MP: 6/6
  1306 | D:2      | 1306 ||| UPGRADING to +0 ice dragon scales.
  1316 | D:2      | 1316 ||| READING scroll labelled VIOP GEWEWALYO.
  1317 | D:2      | 1317 ||| READING scroll labelled COHIAR QONIC.
  1318 | D:2      | 1318 ||| READING scroll labelled DAROTI CUMU.
  1682 | D:3      | Found a broken altar of Ashenzari.
  1844 | D:3      | Reached skill level 1 in Armour
  2096 | D:3      | 2096 ||| READING scroll labelled UMYL PA BULAA.
  2097 | D:3      | 2097 ||| READING scroll labelled ETWYOKHEEB.
  2097 | D:3      | 2097 ||| IDENTIFYING golden potion
  2098 | D:3      | 2098 ||| READING scroll labelled HEAC OLEYHO.
  2098 | D:3      | 2098 ||| BRANDING +1 shortbow.
  2099 | D:3      | 2099 ||| DRINKING 2 fuming pink potions.
  2100 | D:3      | 2100 ||| DRINKING 2 ruby potions.
  2121 | D:3      | 2121 ||| DRINKING 2 viscous silvery potions.
  2122 | D:3      | 2122 ||| DROPPING potion of lignification.
  2265 | D:4      | Reached skill level 8 in Ranged Weapons
  2318 | D:4      | Reached XP level 5. HP: 29/29 MP: 7/7
  2552 | D:4      | Noticed Grinder
  2554 | D:4      | 2554 ||| ZAPPING wand of light (4) at -5,0 (Grinder;
                  | floor).
  2554 | D:4      | Paralysed by Grinder for 4 turns
  2558 | D:4      | 2558 ||| ZAPPING wand of light (3) at -2,0 (Grinder;
                  | floor).
  2559 | D:4      | 2559 ||| ZAPPING wand of light (2) at -2,0 (Grinder;
                  | floor).
  2560 | D:4      | 2560 ||| ZAPPING wand of light (1) at -1,0 (Grinder;
                  | floor).
  2560 | D:4      | Killed Grinder
  2561 | D:4      | Reached skill level 9 in Ranged Weapons
  2561 | D:4      | Reached XP level 6. HP: 34/34 MP: 8/8
  2707 | D:4      | 2707 ||| UPGRADING to +0 cloak.
  2712 | D:4      | 2712 ||| UPGRADING to amulet of regeneration.
  2717 | D:4      | 2717 ||| UPGRADING to ring of positive energy.
  2718 | D:4      | 2718 ||| READING 3 scrolls labelled PEAVOPTIBROULL.
  2719 | D:4      | 2719 ||| READING 3 scrolls labelled LOZIXK IWYPTISE.
  2720 | D:4      | 2720 ||| DROPPING 2 scrolls of summoning.
  2721 | D:4      | 2721 ||| DROPPING 2 scrolls of noise.
  2742 | D:5      | Entered Level 5 of the Dungeon
  2846 | D:5      | Reached skill level 10 in Ranged Weapons
  2848 | D:5      | Noticed a shadow
  2849 | D:5      | 2849 ||| RETREEEEATING.
  2857 | D:5      | 2857 ||| FLEEEEING.
  2859 | D:5      | 2859 ||| FLEEEEING.
  2860 | D:5      | 2860 ||| FLEEEEING.
  2861 | D:5      | 2861 ||| FLEEEEING.
  2862 | D:5      | 2862 ||| FLEEEEING.
  2866 | D:5      | Killed a shadow
  2867 | D:5      | Reached skill level 11 in Ranged Weapons
  2867 | D:5      | Reached XP level 7. HP: 30/40 MP: 9/9
  2985 | D:5      | 2985 ||| RETREEEEATING.
  2986 | D:5      | 2986 ||| RETREEEEATING.
  2988 | D:5      | 2988 ||| RETREEEEATING.
  2989 | D:5      | 2989 ||| RETREEEEATING.
  2990 | D:5      | 2990 ||| RETREEEEATING.
  2991 | D:5      | 2991 ||| RETREEEEATING.
  2992 | D:5      | 2992 ||| RETREEEEATING.
  2993 | D:5      | 2993 ||| RETREEEEATING.
  2994 | D:5      | 2994 ||| RETREEEEATING.
  2995 | D:5      | 2995 ||| RETREEEEATING.
  2998 | D:5      | 2998 ||| RETREEEEATING.
  3043 | D:5      | You fall into a shaft and drop 1 floor!
  3076 | D:6      | Reached skill level 12 in Ranged Weapons
  3116 | D:6      | HP: 4/40 [ogre/+0 giant club (9)]
  3116 | D:6      | Slain by a gnoll sergeant

Levels and vault maps discovered:
D:1:      elethiomel_arrival_infinity_welcomes_careful_drivers, layout_basic
D:2:      layout_rooms
D:3:      layout_basic, ashenzari_altar_1
D:4:      layout_loops_ring, uniq_grinder
D:5:      cheibrodos_barr_body, layout_basic, kennysheep_mini_moat,
          gammafunk_ghost_nasty_kobolds, uniq_menkaure
D:6:      layout_loops_ring, kennysheep_okawaru_gauntlet,
          mainiacjoe_overflow_boulevard, serial_shops,
          nicolae_shop_rolling_square, minmay_starry_boxes

Skill      XL: |  1  2  3  4  5  6  7 |
---------------+----------------------+-----
Ranged Weapons | 6 7 8 9 11 12 | 12.0
Armour         | 1 2 |  2.0
Fighting       | 2 |  2.4
Dodging        | |  2.4
Stealth        | |  1.2

Action                     |  1- 3 |  4- 6 |  7- 9 || total
---------------------------+-------+-------+-------++-------
   Fire: Shortbow          |    91 |   101 |    68 ||   260
  Evoke: Wand              |       |     4 |       ||     4
    Use: Scroll            |     3 |     8 |       ||    11
         Potion            |       |     3 |       ||     3
 Armour: Ring mail         |    31 |       |       ||    31
         Leather armour    |     3 |       |       ||     3
         Ice dragon scales |       |    23 |    48 ||    71
  Dodge: Dodged            |    19 |    15 |    35 ||    69

Table legend:
 A = Non-vault XP
 B = Vault XP
 C = Vault XP percentage of total XP
 D = Non-vault monster count
 E = Vault monster count
 F = Vault count percentage of total count
                 A         B        C        D         E       F
            +---------+---------+-------+---------+---------+-------
      Total |    1074 |     298 |  21.7 |      87 |       4 |   4.4
            +---------+---------+-------+---------+---------+-------
        D:1 |      27 |       0 |   0.0 |      16 |       0 |   0.0
        D:2 |     105 |       0 |   0.0 |      25 |       0 |   0.0
        D:3 |      37 |       0 |   0.0 |      21 |       0 |   0.0
        D:4 |      55 |     272 |  83.2 |       8 |       1 |  11.1
        D:5 |     767 |       0 |   0.0 |      15 |       0 |   0.0
        D:6 |      83 |      26 |  23.9 |       2 |       3 |  60.0
            +---------+---------+-------+---------+---------+-------
